 Dungeon Crawl Stone Soup version 0.19-a0-835-gf140595 (webtiles) character file.

1063 Implojin the Cleaver (level 8, -6/70 HPs)
             Began as a Minotaur Fighter on June 30, 2016.
             Was a Believer of Okawaru.
             Mangled by a two-headed ogre
             ... wielding a +0 giant spiked club
              (24 damage)
             ... on level 7 of the Dungeon.
             The game lasted 00:06:07 (1458 turns).

Implojin the Cleaver (Minotaur Fighter)             Turns: 1458, Time: 00:06:07

Health: -6/70      AC:  6    Str: 20    XL:     8   Next: 6%
Magic:  6/7        EV:  7    Int:  5    God:    Okawaru [**....]
Gold:   83         SH: 10    Dex: 13    Spells: 0 memorised, 7 levels left

rFire  . . .     SeeInvis .     a - +0 war axe
rCold  . . .     Gourm    .     b - +0 scale mail
rNeg   . . .     Faith    .     c - +1 shield
rPois  .         Spirit   .     (helmet restricted)
rElec  .         Dismiss  .     (no cloak)
rCorr  .         Reflect  .     (no gloves)
SustAt .         Harm     .     (no boots)
MR     .....                    (no amulet)
Stlth  ..........               (no ring)
                                (no ring)

@: not resistant to hostile enchantments, extremely unstealthy
A: retaliatory headbutt, horns 2
a: Heroism, Renounce Religion


You were on level 7 of the Dungeon.
You worshipped Okawaru.
Okawaru was pleased with you.
You were not hungry.

You visited 2 branches of the dungeon, and saw 9 of its levels.

You collected 83 gold pieces.

Inventory:

Hand Weapons
 a - a +0 war axe (weapon)
Missiles
 i - a throwing net (quivered)
 o - 8 javelins
Armour
 b - a +0 scale mail (worn)
 c - a +1 shield (worn)
Jewellery
 e - an uncursed ring of positive energy {unknown}
Wands
 r - a wand of digging (23/24)
Scrolls
 h - a scroll of enchant armour
 j - a scroll of fear {unknown}
 k - a scroll of recharging
 l - a scroll of identify {unknown}
 m - a scroll of remove curse {unknown}
Potions
 d - a potion of berserk rage {unknown}
 q - a potion of cure mutation {unknown}
 s - 3 potions of flight {unknown}
Comestibles
 f - 2 bread rations
 n - 2 chunks of flesh
 p - a slice of pizza


   Skills:
 * Level 6.1 Fighting
 - Level 10.3 Axes
 - Level 3.6 Armour
 - Level 3.6 Shields


You had 7 spell levels left.
You didn't know any spells.

Dungeon Overview and Level Annotations

Branches:
Dungeon (8/15)             Temple (1/1) D:4
   Lair: D:8-11

Altars:
Cheibriados
Elyvilon
Fedhas
Kikubaaqudgha
Okawaru
Trog


Innate Abilities, Weirdness & Mutations

You reflexively headbutt those who attack you in melee.
You have a pair of horns on your head.


Message History

You completely miss the orc.
You hit the two-headed ogre but do no damage.
The two-headed ogre hits you with a giant spiked club!
* * * LOW HITPOINT WARNING * * *
You block the two-headed ogre's attack.
The orc wizard hits you but does no damage.
The orc barely misses you.
Unknown command.
Unknown command.
You miss the orc wizard.
The orc wizard is severely wounded.
You hit the orc but do no damage. You hit the two-headed ogre.
The orc wizard casts a spell at you. The magic dart hits you!
* * * LOW HITPOINT WARNING * * *
Unknown command.
You hit the orc wizard.
The orc wizard is almost dead.
You hit the two-headed ogre. You slash the orc!
You kill the orc!
You block the two-headed ogre's attack. The two-headed ogre closely misses you.
You block the orc wizard's attack.
Unknown command.
You hit the orc wizard but do no damage.
The orc wizard is almost dead.
You hit the two-headed ogre but do no damage.
You block the two-headed ogre's attack. x2
Unknown command.
You hit the orc wizard. Your headbutt misses the orc wizard.
The orc wizard is almost dead.
You hit the two-headed ogre. You block the orc wizard's attack.
Unknown command.
You hit the orc wizard but do no damage.
The orc wizard is almost dead.
You slash the two-headed ogre!
You feel like a meek peon again.
The two-headed ogre hits you with a giant spiked club!
* * * LOW HITPOINT WARNING * * *
The two-headed ogre hits you with a giant club!!
You die...

*,,,*
#..##..[#**
******
#.......#
,,,*
##..#.#######
,,,*
#...........#
,,,*
#...........#
,,,*
#...........#
,,,*
#...........#
,,,*
#...O.......#
,,,*
#....@o.....#
,,,*
#...).......#
,,,*
#...........#
,,,*
#)..........#
,,,*
#...........#
****
#############


You could see a two-headed ogre and an orc wizard.

Vanquished Creatures
  A wyvern (D:8)
  A warg (D:8)
  An orc warrior (D:6)
  An ogre (D:7)
  A giant frog (D:6)
  A scorpion (D:7)
  3 killer bees (D:7)
  A howler monkey (D:4)
  A hound (D:7)
  An orc priest (D:5)
  3 iguanas
  3 worker ants
  An orc wizard (D:4)
  A sheep (D:6)
  3 gnolls (D:4)
  3 adders
  A dart slug (D:2)
  4 orcs
  A ball python (D:6)
  A giant cockroach (D:7)
  2 hobgoblins (D:2)
  7 jackals
  A quokka (D:4)
  3 kobolds
46 creatures vanquished.

Notes
Turn   | Place    | Note
--------------------------------------------------------------
     0 | D:1      | Implojin the Minotaur Fighter began the quest for the Orb.
     0 | D:1      | Reached XP level 1. HP: 19/19 MP: 0/0
    57 | D:2      | Reached skill level 3 in Axes
    70 | D:2      | Reached XP level 2. HP: 22/26 MP: 1/1
   123 | D:2      | Reached skill level 4 in Axes
   209 | D:4      | Found a staircase to the Ecumenical Temple.
   225 | Temple   | Entered the Ecumenical Temple
   256 | Temple   | Became a worshipper of Warmaster Okawaru
   292 | D:4      | Noticed a howler monkey
   299 | D:4      | Killed a howler monkey
   299 | D:4      | Reached skill level 5 in Axes
   299 | D:4      | Reached XP level 3. HP: 30/31 MP: 2/2
   318 | D:4      | Reached XP level 4. HP: 33/39 MP: 3/3
   339 | D:5      | Entered Level 5 of the Dungeon
   438 | D:4      | Reached skill level 6 in Axes
   688 | D:4      | Reached XP level 5. HP: 22/45 MP: 4/4
   846 | D:5      | Reached * piety under Okawaru
   861 | D:5      | Found an ancient bone altar of Kikubaaqudgha.
   866 | D:5      | Reached skill level 7 in Axes
   922 | D:6      | Found a bloodstained altar of Trog.
   922 | D:6      | Noticed an orc warrior
   930 | D:6      | Killed an orc warrior
   930 | D:6      | Reached skill level 8 in Axes
   930 | D:6      | Reached XP level 6. HP: 22/51 MP: 2/5
  1006 | D:6      | Reached ** piety under Okawaru
  1006 | D:6      | Reached skill level 9 in Axes
  1067 | D:7      | Reached XP level 7. HP: 39/57 MP: 3/6
  1080 | D:7      | Reached skill level 10 in Axes
  1185 | D:8      | Noticed a wyvern
  1195 | D:8      | Killed a wyvern
  1195 | D:8      | Reached skill level 5 in Fighting
  1204 | D:8      | Reached XP level 8. HP: 23/70 MP: 3/7
  1213 | D:8      | Noticed a two-headed ogre
  1224 | D:7      | Reached skill level 6 in Fighting
  1458 | D:7      | Mangled by a two-headed ogre

Vault maps used:
D:1:      nagdon_arrival_zigzag_paths, minmay_pentomino_u4
D:2:      makhleb_heckhound_becter
D:3:      kennysheep_the_goblin_king, gup_sewer_entry_bowl,
          gammafunk_pakellas_cloud_experiment
D:4:      gammafunk_temple_overflow_pools, first_bread, hex_large
D:5:      basic_altar, roderic_batcave
D:6:      lemuel_round_altar, minivault_24, glass_columns_a, trog_butcher_becter
D:8:      erik_lair_orcish_takeover, basic_altar, hangedman_pestilent_swarm
Temple:   dpeg_five_rooms_temple

Skill      XL: |  1  2  3  4  5  6  7  8 |
---------------+-------------------------+-----
Axes           | 3 5 6 8 9 10 | 10.3
Fighting       | 5 6 |  6.1
Armour         | |  3.6
Shields        | |  3.6

Action                   |  1- 3 |  4- 6 |  7- 9 || total
-------------------------+-------+-------+-------++-------
Melee: War axe           |    36 |    71 |    42 ||   149
       Headbutt          |     4 |     9 |     7 ||    20
Throw: Javelin           |       |       |     1 ||     1
       Throwing net      |       |       |     1 ||     1
Invok: Heroism           |       |     4 |     5 ||     9
  Use: Scroll            |       |     2 |     2 ||     4
       Potion            |       |     1 |       ||     1
  Eat: Chunk             |       |     1 |     1 ||     2
Armor: Scale mail        |    20 |    23 |     7 ||    50
Dodge: Dodged            |     9 |    15 |    12 ||    36
Block: Shield            |    27 |    45 |    29 ||   101

Table legend:
 A = Turns spent in this place as a percentage of turns spent in the entire game.
 B = Non-inter-level travel turns spent in this place as a percentage of non-inter-level travel turns spent in the entire game.
 C = Inter-level travel turns spent in this place as a percentage of turns spent in this place.
 D = Turns resting spent in this place as a percentage of non-inter-level travel turns spent in this place.
 E = Turns spent auto-exploring this place as a percentage of non-inter-level travel turns spent in this place.
 F = Non-inter-level travel turns spent in this place divided by the number of levels of this place that you've seen.
                   A       B       C       D       E      F
               +-------+-------+-------+-------+-------+----------------------
         Total | 100.0 | 100.0 |   0.0 |   1.9 |   0.0 |  92.4
       Dungeon |  92.8 |  92.8 |   0.0 |   2.1 |   0.0 |  96.5
        Temple |   7.2 |   7.2 |   0.0 |   0.0 |   0.0 |  60.0
               +-------+-------+-------+-------+-------+----------------------

Table legend:
 A = Kills in this place as a percentage of kills in entire the game.
 B = Kills by you in this place as a percentage of kills by you in the entire game.
 C = Kills by friends in this place as a percentage of kills by friends in the entire game.
 D = Other kills in this place as a percentage of other kills in the entire game.
 E = Experience gained in this place as a percentage of experience gained in the entire game.
 F = Experience gained in this place divided by the number of levels of this place that you have seen.
                   A       B       C       D       E      F
               +-------+-------+-------+-------+-------+----------------------
         Total | 100.0 | 100.0 |  -nan |  -nan | 100.0 | 168.8
       Dungeon | 100.0 | 100.0 |  -nan |  -nan | 100.0 | 189.9
               +-------+-------+-------+-------+-------+----------------------
